 Dungeon Crawl Stone Soup version 0.24-a0-416-g56ce5178b7 (webtiles) character file.

Game seed: 13194868424756670025

12216 Lanoc the Basher (level 11, -6/89 HPs)
             Began as a Gnoll Chaos Knight on June 8, 2019.
             Was a Plaything of Xom.
             Mangled by a gargoyle
             ... wielding a +0 morningstar
              (11 damage)
             ... on level 10 of the Dungeon.
             The game lasted 00:22:20 (8701 turns).

Lanoc the Basher (Gnoll Chaos Knight)               Turns: 8701, Time: 00:22:21

Health: -6/89      AC:  9    Str: 18    XL:     11   Next: 89%
Magic:  21/21      EV: 23    Int: 15    God:    Xom [....*.]
Gold:   677        SH:  7    Dex: 23    Spells: 12/23 levels left

rFire    + + .     SeeInvis .   a - +1 mace (chaos)
rCold    + . .     Gourm    .   B - +0 buckler
rNeg     . . .     Faith    .   A - +2 leather armour {rF+}
rPois    +         Spirit   .   (helmet restricted)
rElec    +         Reflect  .   h - +1 cloak
rCorr    +         Harm     .   j - +0 pair of gloves
MR       .....                  (no boots)
Stlth    +++++.....             (no amulet)
HPRegen  0.24/turn              v - ring of poison resistance
MPRegen  0.17/turn              y - ring of resist corrosion

@: agile, resistant, lightly drained
A: distributed training, fangs 1, horns 1, thin skeletal structure 1, strong 1,
strong nose
a: Renounce Religion


You were on level 10 of the Dungeon.
You worshipped Xom.
You were a beloved toy of Xom.
You were not hungry.

You visited 2 branches of the dungeon, and saw 11 of its levels.

You collected 677 gold pieces.

Inventory:

Hand Weapons
 a - a +1 mace of chaos (weapon)
 r - a +0 whip of flaming
 z - a +4 scimitar of flaming
Missiles
 e - 81 bolts
 g - 72 sling bullets
 o - 116 arrows
Armour
 b - a +0 helmet of see invisible
 h - a +1 cloak (worn)
 j - a +0 pair of gloves (worn)
 A - a +2 leather armour of fire resistance (worn)
 B - a +0 buckler (worn)
Jewellery
 v - a ring of poison resistance (left hand)
 x - an uncursed ring of flight
 y - a ring of resist corrosion (right hand)
Wands
 t - a wand of flame (15)
Scrolls
 f - 5 scrolls of remove curse
 i - 3 scrolls of enchant weapon
 k - 2 scrolls of amnesia
 m - 5 scrolls of identify
 u - a scroll of summoning {unknown}
 D - 3 scrolls of enchant armour
Potions
 l - a potion of flight
Miscellaneous
 n - a lamp of fire
Comestibles
 c - 12 rations
 s - a chunk of flesh


   Skills:
 + Level 9.5(9.2) Fighting
 + Level 6.7(6.5) Short Blades
 + Level 6.7(6.5) Long Blades
 + Level 6.7(6.5) Axes
 + Level 9.5(9.2) Maces & Flails
 + Level 6.7(6.5) Polearms
 + Level 6.7(6.5) Staves
 + Level 6.7(6.5) Slings
 + Level 6.7(6.5) Bows
 + Level 6.7(6.5) Crossbows
 + Level 6.7(6.5) Throwing
 + Level 8.2(8.0) Armour
 + Level 7.3(7.1) Dodging
 + Level 6.7(6.5) Stealth
 + Level 6.7(6.5) Shields
 + Level 6.7(6.5) Unarmed Combat
 + Level 6.7(6.5) Spellcasting
 + Level 5.6(5.4) Conjurations
 + Level 5.6(5.4) Hexes
 + Level 5.6(5.4) Charms
 + Level 5.6(5.4) Summonings
 + Level 5.6(5.4) Necromancy
 + Level 5.6(5.4) Translocations
 + Level 5.6(5.4) Transmutations
 + Level 5.6(5.4) Fire Magic
 + Level 5.6(5.4) Ice Magic
 + Level 5.6(5.4) Air Magic
 + Level 5.6(5.4) Earth Magic
 + Level 5.6(5.4) Poison Magic
 + Level 7.4(7.2) Invocations
 + Level 6.7(6.5) Evocations


You had 12 spell levels left.
You knew the following spells:

 Your Spells              Type           Power        Failure   Level  Hunger
a - Dazzling Spray        Conj/Hex       ###...       5%          3    ##.....
b - Force Lance           Conj/Tloc      ###.....     17%         4    ####...
c - Iskenderun's Mystic   Conj           ###.....     17%         4    ####...

Your spell library contained the following spells:

 Spells                   Type           Power        Failure   Level  Hunger
 Freeze                   Ice            ###.         1%          1    None
 Magic Dart               Conj           ###.         1%          1    None
 Searing Ray              Conj           ###...       2%          2    #......
 Throw Frost              Conj/Ice       ###...       2%          2    #......
 Ozocubu's Armour         Chrm/Ice       ###.....     5%          3    ##.....
 Fulminant Prism          Conj/Hex       ###.......   17%         4    ####...
 Summon Ice Beast         Ice/Summ       ###.....     17%         4    ####...
 Throw Icicle             Conj/Ice       ###.....     17%         4    ####...


Dungeon Overview and Level Annotations

Branches:
Dungeon (10/15)            Temple (1/1) D:7            Lair (0/6) D:10
    Orc: D:9-12

Altars:
Ashenzari
Dithmenos
Elyvilon
Fedhas
Gozag
Hepliaklqana
Kikubaaqudgha
Okawaru
Sif Muna
Wu Jian
Xom

Shops:
D:4 =   D:10 %

Annotations:
D:10 Grum


Innate Abilities, Weirdness & Mutations

Your experience applies equally to all skills.
You have very sharp teeth.
Your uncanny sense of smell can sniff out nearby items.
You have a pair of small horns on your head.
You have a somewhat thin skeletal structure. (Dex +2, Stealth)
Your muscles are strong. (Str +2)


Message History

* * * LOW HITPOINT WARNING * * *
The hound bites you but does no damage.
As you read the scroll of teleportation, it crumbles to dust.
You feel strangely unstable. The hound bites you.
* * * LOW HITPOINT WARNING * * *
Something barely misses you. The hound bites you.
* * * LOW HITPOINT WARNING * * *
Your surroundings seem slightly different.
The hound barely misses you.
As you read the scroll labeled KERGHA ZOTEU, it crumbles to dust.
It is a scroll of enchant weapon.
Your +0 mace of chaos glows red for a moment.
The hound completely misses you.
As you read the scroll labeled AFUGEGH XOSE, it crumbles to dust.
You assume a fearsome visage.
The hound looks frightened!
It was a scroll of fear.
Something hits you!
* * * LOW HITPOINT WARNING * * *
You feel agile all of a sudden. Something hits you!
You die...

....#### #.. # #..# ###....#
##.####### #.## ######'##
#........# ####'###### ........#
#........# #.........#
....)...###.....h..# +.........#
........'.#........# .#..v......#
........#†#.!......#..#.........#
........#............##.........#
........###.....@..####.........#
........# ########## ###########
#########


You could see a hound (fleeing).

Vanquished Creatures
  Josephine (D:10)
  Pikel (D:4)
  An ugly thing (D:6)
  A queen bee (D:8)
  Grinder (D:3)
  A meliai (shapeshifter) (D:10)
  A hippogriff (shapeshifter) (D:10)
  A hippogriff (D:10)
  A dream sheep (D:10)
  Eustachio (D:6)
  2 wraiths (D:10)
  3 yaks (D:9)
  Duvessa (D:6)
  A floating eye (shapeshifter) (D:7)
  A black bear (shapeshifter) (D:8)
  An ice beast (D:9)
  3 sky beasts
  3 orc warriors
  A slave (D:4)
  3 black bears
  2 phantoms
  A wolf (D:10)
  2 centaurs
  5 ogres
  A crocodile (D:10)
  2 bullfrogs
  A gnoll sergeant (D:9)
  Dowan (D:6)
  A scorpion (D:10)
  A water moccasin zombie (D:7)
  14 killer bees (D:8)
  6 howler monkeys
  5 crimson imps
  A hound (D:6)
  A centaur zombie (D:8)
  5 orc priests
  A centaur skeleton (D:5)
  5 orc wizards
  A jelly (D:8)
  2 iguanas (D:8)
  6 worker ants
  A hound skeleton (D:8)
  A howler monkey skeleton (D:8)
  9 adders
  9 gnolls
  A shadow imp (D:8)
  An adder skeleton (D:6)
  An adder zombie (D:8)
  4 worms
  4 leopard geckos
  32 orcs
  3 giant cockroaches
  4 goblins
  4 hobgoblins
  2 jackals (D:9)
  3 kobolds
  A quokka (D:9)
  7 bats
  A frilled lizard (D:2)
  A leopard gecko skeleton (D:5)
  2 rats (D:1)
184 creatures vanquished.

Vanquished Creatures (collateral kills)
  2 wraiths (D:10)
2 creatures vanquished.

Grand Total: 186 creatures vanquished

Notes
Turn   | Place    | Note
-------+----------+-------------------------------------------
     0 | D:1      | Lanoc the Gnoll Chaos Knight began the quest for the Orb.
     0 | D:1      | Reached XP level 1. HP: 23/23 MP: 1/1
    89 | D:1      | XOM: divination: detect items
   104 | D:1      | XOM: divination: detect creatures
   149 | D:2      | Reached XP level 2. HP: 29/29 MP: 2/2
   207 | D:2      | XOM: noise
   286 | D:2      | XOM: summons 2 friendly demons
   289 | D:2      | Reached XP level 3. HP: 35/35 MP: 3/3
   351 | D:2      | Reached skill level 1 in Invocations
   497 | D:3      | Noticed Grinder
   498 | D:3      | Paralysed by Grinder for 6 turns
   515 | D:3      | Paralysed by Grinder for 3 turns
   520 | D:3      | Killed Grinder
   520 | D:3      | Reached skill level 1 in Short Blades
   520 | D:3      | Reached skill level 1 in Long Blades
   520 | D:3      | Reached skill level 1 in Axes
   520 | D:3      | Reached skill level 1 in Polearms
   520 | D:3      | Reached skill level 1 in Staves
   520 | D:3      | Reached skill level 1 in Slings
   520 | D:3      | Reached skill level 1 in Bows
   520 | D:3      | Reached skill level 1 in Crossbows
   520 | D:3      | Reached skill level 1 in Throwing
   520 | D:3      | Reached skill level 1 in Stealth
   520 | D:3      | Reached skill level 1 in Shields
   520 | D:3      | Reached skill level 1 in Unarmed Combat
   520 | D:3      | Reached skill level 1 in Spellcasting
   520 | D:3      | Reached skill level 1 in Conjurations
   520 | D:3      | Reached skill level 1 in Hexes
   520 | D:3      | Reached skill level 1 in Charms
   520 | D:3      | Reached skill level 1 in Summonings
   520 | D:3      | Reached skill level 1 in Necromancy
   520 | D:3      | Reached skill level 1 in Translocations
   520 | D:3      | Reached skill level 1 in Transmutations
   520 | D:3      | Reached skill level 1 in Fire Magic
   520 | D:3      | Reached skill level 1 in Ice Magic
   520 | D:3      | Reached skill level 1 in Air Magic
   520 | D:3      | Reached skill level 1 in Earth Magic
   520 | D:3      | Reached skill level 1 in Poison Magic
   520 | D:3      | Reached skill level 1 in Evocations
   520 | D:3      | Reached XP level 4. HP: 30/41 MP: 4/6
   520 | D:3      | Reached XP level 5. HP: 34/47 MP: 4/7
   520 | D:3      | Reached XP level 6. HP: 39/53 MP: 4/8
   572 | D:3      | XOM: god gift: 36 gold pieces
   608 | D:3      | XOM: divination: magic mapping
   929 | D:3      | XOM: god gift: hunting sling {god gift}
  1111 | D:3      | Found a hazy altar of Hepliaklqana.
  1758 | D:4      | Found Besmel's Jewellery Emporium.
  1761 | D:4      | Reached skill level 5 in Armour
  1939 | D:4      | Reached XP level 7. HP: 39/59 MP: 10/10
  1940 | D:4      | XOM: enchant monster (good)
  1943 | D:4      | Noticed Pikel
  1953 | D:4      | XOM: summons 2 friendly demons
  1956 | D:4      | XOM: smoke on damage
  1962 | D:4      | Killed Pikel
  1962 | D:4      | Reached XP level 8. HP: 22/67 MP: 10/12
  2034 | D:4      | XOM: cloud trail
  2263 | D:4      | XOM: give mutations
  2263 | D:4      | Gained mutation: You have a somewhat thin skeletal
                  | structure. (Dex +2, Stealth) [Xom's grace]
  2263 | D:4      | Gained mutation: Your muscles are strong. (Str +2) [Xom's
                  | grace]
  2263 | D:4      | Gained mutation: Your mind is acute. (Int +2) [Xom's grace]
  2263 | D:4      | Gained mutation: You have a pair of small horns on your
                  | head. [Xom's grace]
  2339 | D:5      | Entered Level 5 of the Dungeon
  2602 | D:5      | XOM: 2-stop teleportation journey
  2659 | D:5      | XOM: enchant monster (good)
  2802 | D:5      | XOM: summons 3 hostile shadow creatures
  3187 | D:6      | XOM: give mutation
  3232 | D:6      | Noticed Eustachio
  3247 | D:6      | XOM: potion effect (haste)
  3265 | D:6      | Killed Eustachio
  3446 | D:6      | Noticed a brown ugly thing
  3451 | D:6      | XOM: divination: magic mapping
  3452 | D:6      | XOM: noise
  3459 | D:6      | XOM: summons 2 friendly demons
  3464 | D:6      | Killed a brown ugly thing
  3464 | D:6      | Reached XP level 9. HP: 30/73 MP: 14/14
  3467 | D:6      | XOM: 6-stop teleportation journey
  3518 | D:6      | Noticed Duvessa
  3519 | D:6      | Noticed Dowan
  3673 | D:6      | Killed Duvessa
  3677 | D:6      | Killed Dowan
  3988 | D:6      | Reached skill level 5 in Dodging
  4054 | D:6      | Found an opulent altar of Gozag.
  4248 | D:7      | XOM: god gift: 2 coppery potions {god gift}
  4313 | D:7      | Noticed a glowing shapeshifter
  4313 | D:7      | an ooze changed into a glowing shapeshifter
  4313 | D:7      | a glowing shapeshifter changed into a floating eye
  4315 | D:7      | Noticed a deep troll
  4315 | D:7      | a snapping turtle changed into a deep troll
  4318 | D:7      | Noticed a guardian serpent
  4318 | D:7      | a deep troll changed into a guardian serpent
  4320 | D:7      | Noticed a manticore
  4320 | D:7      | a guardian serpent changed into a manticore
  4321 | D:7      | Noticed a shining eye
  4321 | D:7      | a manticore changed into a shining eye
  4323 | D:7      | Lost mutation: Your mind is acute. (Int +2) [a shining eye]
  4324 | D:7      | Noticed an anaconda
  4324 | D:7      | a shining eye changed into an anaconda
  4331 | D:7      | Noticed a faun
  4331 | D:7      | an anaconda changed into a faun
  4335 | D:7      | Noticed a merfolk
  4335 | D:7      | a faun changed into a merfolk
  4357 | D:7      | Noticed a lindwurm
  4357 | D:7      | a tarantella changed into a lindwurm
  4358 | D:7      | Noticed a mana viper
  4358 | D:7      | a lindwurm changed into a mana viper
  4366 | D:7      | Noticed a deep troll
  4366 | D:7      | a mana viper changed into a deep troll
  4368 | D:7      | Noticed a lindwurm
  4368 | D:7      | a deep troll changed into a lindwurm
  4371 | D:7      | a lindwurm changed into a floating eye
  4373 | D:7      | Paralysed by a floating eye for 4 turns
  4567 | D:7      | XOM: mild Tmut miscast
  4858 | D:7      | XOM: swap monsters
  4981 | D:7      | Found a white marble altar of Elyvilon.
  4982 | D:7      | Found an iron altar of Okawaru.
  4990 | D:7      | Reached skill level 5 in Invocations
  5015 | D:7      | Found a blossoming altar of Fedhas.
  5080 | D:7      | Found a staircase to the Ecumenical Temple.
  5092 | Temple   | Entered the Ecumenical Temple
  5488 | D:8      | Reached XP level 10. HP: 80/80 MP: 17/17
  5502 | D:8      | Found a deep blue altar of Sif Muna.
  5570 | D:8      | Found a shattered altar of Ashenzari.
  5657 | D:8      | XOM: blink monster(s)
  5664 | D:8      | XOM: summons friendly ufetubus
  5679 | D:8      | XOM: summons 2 hostile demons
  5680 | D:8      | XOM: chaos cloud
  5681 | D:8      | XOM: harmless Fire miscast
  5692 | D:8      | Paralysed by you for 3 turns
  5734 | D:8      | XOM: harmless Pois miscast
  5754 | D:8      | XOM: enchant monster (good)
  5785 | D:8      | XOM: noise
  6078 | D:8      | XOM: scenery: create altars
  6084 | D:8      | Reached skill level 5 in Short Blades
  6084 | D:8      | Reached skill level 5 in Long Blades
  6084 | D:8      | Reached skill level 5 in Axes
  6084 | D:8      | Reached skill level 5 in Polearms
  6084 | D:8      | Reached skill level 5 in Staves
  6084 | D:8      | Reached skill level 5 in Slings
  6084 | D:8      | Reached skill level 5 in Bows
  6084 | D:8      | Reached skill level 5 in Crossbows
  6084 | D:8      | Reached skill level 5 in Throwing
  6084 | D:8      | Reached skill level 5 in Stealth
  6084 | D:8      | Reached skill level 5 in Shields
  6084 | D:8      | Reached skill level 5 in Unarmed Combat
  6084 | D:8      | Reached skill level 5 in Spellcasting
  6084 | D:8      | Reached skill level 5 in Evocations
  6244 | D:8      | XOM: summons 4 hostile demons
  6527 | D:8      | Reached skill level 5 in Conjurations
  6527 | D:8      | Reached skill level 5 in Hexes
  6527 | D:8      | Reached skill level 5 in Charms
  6527 | D:8      | Reached skill level 5 in Summonings
  6527 | D:8      | Reached skill level 5 in Necromancy
  6527 | D:8      | Reached skill level 5 in Translocations
  6527 | D:8      | Reached skill level 5 in Transmutations
  6527 | D:8      | Reached skill level 5 in Fire Magic
  6527 | D:8      | Reached skill level 5 in Ice Magic
  6527 | D:8      | Reached skill level 5 in Air Magic
  6527 | D:8      | Reached skill level 5 in Earth Magic
  6527 | D:8      | Reached skill level 5 in Poison Magic
  6527 | D:8      | Reached XP level 11. HP: 48/89 MP: 17/20
  6802 | D:7      | XOM: god gift: potion of flight
  6952 | D:8      | XOM: smoke on damage
  7042 | D:9      | XOM: blink monster(s)
  7164 | D:9      | XOM: harmless Chrm miscast
  7202 | D:9      | XOM: summons 4 friendly demons
  7394 | D:9      | XOM: scenery: create altars
  7772 | D:9      | XOM: divination: detect items
  7897 | D:10     | Entered Level 10 of the Dungeon
  8047 | D:10     | XOM: enchant monster (good)
  8071 | D:10     | Noticed Grum
  8076 | D:10     | XOM: divination: detect creatures
  8081 | D:10     | Noticed a fire crab
  8081 | D:10     | a shapeshifter changed into a fire crab
  8087 | D:10     | XOM: cast spell 'Ring of Flames'
  8088 | D:10     | a fire crab changed into a meliai
  8226 | D:10     | XOM: medium Summ miscast
  8258 | D:10     | XOM: god gift: scroll labeled ANTOES ICOSY {god gift}
  8260 | D:10     | Found Soenuj's Food Emporium.
  8260 | D:10     | Noticed Erica
  8264 | D:10     | Noticed Erica
  8264 | D:10     | Erica changed into Erica the dream sheep
  8264 | D:10     | XOM: polymorph Erica -> Erica the dream sheep
  8267 | D:10     | XOM: enchant monster (good)
  8270 | D:10     | Killed Erica the dream sheep
  8293 | D:10     | Noticed a manticore
  8304 | D:9      | XOM: cloud trail
  8378 | D:9      | Learned a level 3 spell: Dazzling Spray
  8383 | D:9      | Learned a level 4 spell: Force Lance
  8388 | D:9      | Learned a level 4 spell: Iskenderun's Mystic Blast
  8438 | D:9      | XOM: cloud trail
  8544 | D:10     | Found a staircase to the Lair.
  8569 | D:10     | Noticed Josephine
  8578 | D:10     | XOM: scenery: 1 doors close
  8584 | D:10     | Killed Josephine
  8608 | D:10     | XOM: confuse monster(s)
  8620 | D:10     | XOM: summons 3 friendly demons
  8641 | D:10     | XOM: enchant monster (good)
  8648 | D:10     | XOM: scenery: 3 doors close
  8687 | D:10     | XOM: divination: detect items
  8701 | D:10     | Mangled by a gargoyle

Levels and vault maps discovered:
D:1:      tarquinn_simple_flora_water_d, layout_basic
D:2:      layout_basic, nicolae_overflow_crystal_walls, xom_teletrap_fun,
          first_ration, minmay_tetromino_t2
D:3:      layout_basic, old_standard_altar, uniq_grinder
D:4:      layout_basic, serial_shops, shop, uniq_pikel
D:5:      layout_rooms
D:6:      minmay_chambers_of_sixes, layout_basic,
          nicolae_gozag_cash_rules_everything_around_me, minmay_misc_feat_tiny,
          kennysheep_generic_room_7, uniq_eustachio, uniq_duvessa
D:7:      layout_basic, kennysheep_little_box, gammafunk_temple_overflow_pools,
          minmay_temple_entry_nine_rooms, serial_glass, glass_columns_a,
          glass_columns_b
D:8:      layout_loops_ring, overflow_temple_1_default, led_sif_pool,
          david_nohive_1, serial_park_tiny_1, minmay_circle_x
D:9:      layout_loops_ring
D:10:     layout_roguey, lair_entry_dummy, serial_shops, shop, uniq_erica,
          uniq_josephine, uniq_grum
Temple:   cyrus_circular_temple

Skill      XL: |  1  2  3  4  5  6  7  8  9 10 11 |
---------------+----------------------------------+-----
Invocations    | 2 3 4 5 6 7 |  7.4
Short Blades   | 1 2 3 4 6 |  6.7
Long Blades    | 1 2 3 4 6 |  6.7
Axes           | 1 2 3 4 6 |  6.7
Polearms       | 1 2 3 4 6 |  6.7
Staves         | 1 2 3 4 6 |  6.7
Slings         | 1 2 3 4 6 |  6.7
Bows           | 1 2 3 4 6 |  6.7
Crossbows      | 1 2 3 4 6 |  6.7
Throwing       | 1 2 3 4 6 |  6.7
Dodging        | 3 4 5 6 7 |  7.3
Stealth        | 1 2 3 4 6 |  6.7
Shields        | 1 2 3 4 6 |  6.7
Unarmed Combat | 1 2 3 4 6 |  6.7
Spellcasting   | 1 2 3 4 6 |  6.7
Conjurations   | 1 2 3 5 |  5.6
Hexes          | 1 2 3 5 |  5.6
Charms         | 1 2 3 5 |  5.6
Summonings     | 1 2 3 5 |  5.6
Necromancy     | 1 2 3 5 |  5.6
Translocations | 1 2 3 5 |  5.6
Transmutations | 1 2 3 5 |  5.6
Fire Magic     | 1 2 3 5 |  5.6
Ice Magic      | 1 2 3 5 |  5.6
Air Magic      | 1 2 3 5 |  5.6
Earth Magic    | 1 2 3 5 |  5.6
Poison Magic   | 1 2 3 5 |  5.6
Evocations     | 1 2 3 4 6 |  6.7
Armour         | 5 6 7 8 |  8.2
Fighting       | 7 8 9 |  9.5
Maces & Flails | 7 8 9 |  9.5

Action                   |  1- 3 |  4- 6 |  7- 9 | 10-12 || total
-------------------------+-------+-------+-------+-------++-------
Melee: Mace              |    57 |    72 |   344 |   388 ||   861
       Bite              |     8 |     9 |    46 |    51 ||   114
       Punch             |       |     1 |     5 |       ||     6
       Headbutt          |       |       |    69 |   104 ||   173
  Use: Potion            |       |       |     8 |    11 ||    19
       Scroll            |       |       |       |    14 ||    14
 Stab: Sleeping          |     1 |     6 |    14 |     7 ||    28
       Paralysed         |       |       |    13 |     6 ||    19
       Confused          |       |       |     1 |     1 ||     2
       Petrifying        |       |       |     1 |       ||     1
       Petrified         |       |       |       |     2 ||     2
       Distracted        |       |       |       |     1 ||     1
  Eat: Chunk             |       |     3 |    12 |     7 ||    22
       Ration            |       |       |       |     1 ||     1
Armor: Leather armour    |    24 |    18 |    75 |   108 ||   225
       Skin              |       |       |    10 |       ||    10
Dodge: Dodged            |    43 |    38 |   196 |   333 ||   610
Block: Buckler           |       |       |    29 |   127 ||   156

Table legend:
 A = Non-vault XP
 B = Vault XP
 C = Vault XP percentage of total XP
 D = Non-vault monster count
 E = Vault monster count
 F = Vault count percentage of total count
                 A         B        C        D         E       F
            +---------+---------+-------+---------+---------+-------
      Total |    5709 |    5960 |  51.1 |     148 |      37 |  20.0
            +---------+---------+-------+---------+---------+-------
        D:1 |       6 |       0 |   0.0 |       4 |       0 |   0.0
        D:2 |      46 |      14 |  23.3 |      13 |       1 |   7.1
        D:3 |      41 |     277 |  87.1 |      13 |       1 |   7.1
        D:4 |     277 |     617 |  69.0 |      13 |       1 |   7.1
        D:5 |     477 |       0 |   0.0 |      13 |       0 |   0.0
        D:6 |     616 |    1233 |  66.7 |       9 |       8 |  47.1
        D:7 |     769 |       0 |   0.0 |      18 |       0 |   0.0
        D:8 |     424 |    1351 |  76.1 |      16 |      18 |  52.9
        D:9 |    1502 |       0 |   0.0 |      29 |       0 |   0.0
       D:10 |    1551 |    2468 |  61.4 |      20 |       8 |  28.6
            +---------+---------+-------+---------+---------+-------
